 Dungeon Crawl Stone Soup version 0.30-a0-870-gc5d4c5acee (webtiles) character file.

Game seed: 11978309294937770770

395 Anamonty the Stinger (level 6, -2/38 HPs)
             Began as an Octopode Venom Mage on Mar 11, 2023.
             Slain by an orc
             ... wielding a +0 flail
              (10 damage)
             ... on level 5 of the Dungeon.
             The game lasted 00:07:57 (4807 turns).

Anamonty the Stinger (Octopode Venom Mage)          Turns: 4807, Time: 00:07:59

Health: -2/38      AC:  1    Str: 15    XL:     6   Next: 82%
Magic:  6/10       EV: 14    Int: 23    God:
Gold:   160        SH:  0    Dex: 13    Spells: 1/11 levels left

rFire   . . .      SeeInvis .    g - +0 spear (venom)
rCold   . . .      Faith    .    (no shield)
rNeg    . . .      Spirit   .    (helmet restricted)
rPois   .          Reflect  .    (no amulet)
rElec   .          Rampage  .    i - +6 ring of intelligence
rCorr   .                        m - +6 ring of strength
Will    .....                    (no ring)
Stlth   +++                      (no ring)
HPRegen 0.26/turn                (no ring)
MPRegen 0.12/turn                (no ring)
                                 (no ring)
                                 (no ring)

@: no status effects
A: almost no armour, amphibious, 8 rings, camouflage 1, gelatinous body 1,
(nimble swimmer 1), tentacles
a: no special abilities


You were on level 5 of the Dungeon.
You visited 1 branch of the dungeon, and saw 5 of its levels.

You collected 181 gold pieces.
You spent 21 gold pieces at shops.

Inventory:

Hand Weapons
 g - a +0 spear of venom (weapon)
Jewellery
 i - a +6 ring of intelligence (left tentacle)
 m - a +6 ring of strength (right tentacle)
Scrolls
 c - a scroll of amnesia {unknown}
 d - a scroll of acquirement {unknown}
 e - a scroll of noise {unknown}
 j - 2 scrolls of blinking
 k - a scroll of fear {unknown}
 l - a scroll of enchant weapon {unknown}
 o - a scroll of enchant armour {unknown}
 p - 2 scrolls of teleportation {unknown}
 t - a scroll of vulnerability {unknown}
Potions
 a - a potion of magic
 b - a potion of heal wounds
 f - a potion of haste {unknown}
 h - 2 potions of brilliance
 n - a potion of attraction {unknown}
 q - a potion of resistance {unknown}
 s - 2 potions of mutation {unknown}


   Skills:
 + Level 1.2 Fighting
 + Level 3.3 Dodging
 - Level 4.0 Stealth
 + Level 1.3 Unarmed Combat
 + Level 3.1 Spellcasting
 + Level 1.9 Transmutations
 * Level 6.1 Poison Magic


You had one spell level left.
You knew the following spells:

 Your Spells              Type           Power      Damage    Failure   Level
a - Sting                 Tmut/Pois      88%        1d7       2%          1
b - Poisonous Vapours     Pois/Air       34%        N/A       4%          2
c - Olgreb's Toxic Radia  Pois           31%        N/A       9%          4
d - Mephitic Cloud        Conj/Pois/Air  13%        N/A       14%         3

Your spell library contained the following spells:

 Spells                   Type           Power      Damage    Failure   Level
 Beastly Appendage        Tmut           24%        N/A       5%          1
 Apportation              Tloc           6%         N/A       12%         1
 Magic Dart               Conj           12%        1d3       12%         1
 Sandblast                Erth           6%         2d5       12%         1
 Summon Small Mammal      Summ           12%        N/A       12%         1
 Passwall                 Tmut/Erth      5%         N/A       12%         2
 Searing Ray              Conj           6%         2d4       17%         2
 Call Canine Familiar     Summ           3%         N/A       34%         3
 Stone Arrow              Conj/Erth      6%         3d7       34%         3
 Summon Guardian Golem    Hex/Summ       3%         N/A       34%         3
 Fulminant Prism          Conj/Hex       1%         3d5       75%         4


Dungeon Overview and Level Annotations

Branches:
Dungeon (5/15)
 Temple: D:4-7

Altars:
Trog

Shops:
D:2 *

Annotations:
D:3 1 runed translucent door, Crazy Yiuf


Innate Abilities, Weirdness & Mutations

You cannot wear most types of armour.
You are amphibious.
You can wear up to eight rings at the same time.
Your skin changes colour to match your surroundings (Stealth+).
Your rubbery body absorbs attacks. (AC +1, EV +1)
((You are camouflaged when in or above water. (Stealth+)))
You have tentacles for arms and can constrict up to eight enemies at once.


Message History

The orc attacks as you move away! The orc misses you.
The ice beast attacks as you move away! The ice beast hits you.
The ice beast freezes you!
Casting: Sting (safe; 2% risk of failure)
Confirm with . or Enter, or press ? or * to list all spells.
Okay, then.
Okay, then.
Okay, then.
Okay, then.
Okay, then.
You hit the ice beast.
The ice beast is poisoned.
The ice beast is lightly wounded.
The ice beast hits you. The ice beast freezes you!
* * * LOW HITPOINT WARNING * * *
You feel much better. The ice beast closely misses you.
The ice beast attacks as you move away! The ice beast hits you.
The ice beast freezes you!
Blink to where?
Press: ? - help, Dir - move target
As you read the scroll of blinking, it crumbles to dust.
The orc misses you. The orc attacks as you move away! The orc misses you.
There is a stone staircase leading down here.
The orc hits you with a +0 short sword.
You climb downwards.
There is a stone staircase leading up here.
Unknown command.
Casting: Sting (safe; 2% risk of failure)
Confirm with . or Enter, or press ? or * to list all spells.
The spell is quite dangerous to miscast (9% risk of failure)!
Continue anyway?
You begin to radiate toxic energy.
The orc wizard is poisoned.
The orc is poisoned. x3; The orc wizard is poisoned.
The orc looks even sicker.
The orc wizard looks even sicker.
The orc hits you with a +0 flail. The orc attacks as you move away!
The orc hits you with a +0 dagger.
* * * LOW HITPOINT WARNING * * *
The orc wizard looks even sicker.
The orc looks even sicker. x2
Your toxic aura wanes.
You kill the orc!
The orc hits you with a +0 flail!
You die...

##
##..######
#.....)o.#
...8.oo<@#
#.....o..#
##..######
##


You could see 2 orc wizards and 2 orcs.

Vanquished Creatures
  Sigmund (D:3)
  An orc priest (D:3)
  An iguana (D:4)
  An orc wizard (D:4)
  4 gnolls (D:2)
  4 adders
  2 worms
  4 dart slugs
  9 orcs
  6 ball pythons
  6 endoplasms
  2 giant cockroaches (D:2)
  8 goblins
  6 hobgoblins
  10 kobolds
  4 bats
  2 frilled lizards (D:1)
  3 rats
74 creatures vanquished.

Notes
Turn   | Place    | Note
-------+----------+-------------------------------------------
     0 | D:1      | Anamonty the Octopode Venom Mage began the quest for the
                  | Orb.
     0 | D:1      | Reached XP level 1. HP: 11/11 MP: 3/3
   253 | D:1      | Reached XP level 2. HP: 17/17 MP: 3/5
   293 | D:1      | Learned a level 2 spell: Poisonous Vapours
   519 | D:1      | Reached skill level 4 in Poison Magic
  1100 | D:2      | Reached XP level 3. HP: 20/21 MP: 0/6
  1574 | D:2      | Reached XP level 4. HP: 23/27 MP: 2/7
  1635 | D:2      | Learned a level 4 spell: Olgreb's Toxic Radiance
  2245 | D:2      | Reached skill level 5 in Poison Magic
  2625 | D:2      | Found Paariav's Assorted Antiques.
  2629 | D:2      | Bought a murky golden potion for 21 gold pieces
  2662 | D:3      | Got First Steps in Thaumaturgy
  2689 | D:3      | Reached XP level 5. HP: 31/31 MP: 3/8
  3464 | D:3      | Noticed Sigmund
  3640 | D:3      | Found a runed translucent door.
  3641 | D:3      | Noticed Crazy Yiuf
  3809 | D:3      | Killed Sigmund
  3810 | D:3      | Reached skill level 1 in Fighting
  3810 | D:3      | Reached skill level 1 in Unarmed Combat
  3810 | D:3      | Reached XP level 6. HP: 16/38 MP: 1/10
  4065 | D:3      | Reached skill level 6 in Poison Magic
  4332 | D:4      | Learned a level 3 spell: Mephitic Cloud
  4596 | D:4      | Found a bloodstained altar of Trog.
  4621 | D:4      | Noticed a water moccasin
  4791 | D:5      | Entered Level 5 of the Dungeon
  4791 | D:5      | Noticed an ice beast
  4807 | D:5      | Slain by an orc

Illustrated notes

Levels and vault maps discovered:
D:1:      scummos_arrival_checkerplants, layout_basic
D:2:      layout_loops_ring, serial_shops, shop
D:3:      kb_forest_paths, layout_basic, chequers_serial_rivers_large_b,
          dk_noncrumbling_2, uniq_sigmund, uniq_crazy_yiuf_cottage
D:4:      layout_basic, mainiacjoe_overflow_six_doors_small
D:5:      layout_basic, grunt_ministairs_14, nicolae_wooded_promenade,
          minmay_a_box_with_orc_wizards_in_it, uniq_blork_the_orc

Skill      XL: |  1  2  3  4  5  6 |
---------------+-------------------+-----
Stealth        | 3 4 |  4.0
Poison Magic   | 4 5 6 |  6.1
Dodging        | 3 |  3.3
Fighting       | 1 |  1.2
Unarmed Combat | 1 |  1.3
Spellcasting   | 3 |  3.1
Transmutations | |  1.9

Action                     |  1- 3 |  4- 6 || total
---------------------------+-------+-------++-------
  Melee: Unarmed           |    19 |    26 ||    45
         Tentacles         |     5 |    13 ||    18
         Constrict         |     5 |    10 ||    15
         Spear             |       |    27 ||    27
         Punch             |       |     1 ||     1
   Cast: Sting             |    32 |    19 ||    51
         Poisonous Vapours |    11 |     9 ||    20
         Olgreb's Toxic Ra |       |    13 ||    13
    Use: Scroll            |       |     5 ||     5
         Potion            |       |     1 ||     1
   Stab: Sleeping          |       |     5 ||     5
 Armour: Skin              |     2 |     1 ||     3
  Dodge: Dodged            |    15 |    34 ||    49

Table legend: (Time is in decaauts)
 A = Elapsed time spent in this place.
 B = Non-inter-level travel time spent in this place.
 C = Inter-level travel time spent in this place.
 D = Time resting spent in this place.
 E = Time spent auto-exploring this place.
 F = Levels seen in this place.
 G = Mean time per level.
                   A        B        C        D        E       F      G
               +--------+--------+--------+--------+--------+-----+--------+
         Total |   4811 |   4614 |    197 |    100 |   3817 |   5 |  962.2 |
       Dungeon |   4811 |   4614 |    197 |    100 |   3817 |   5 |  962.2 |
               +--------+--------+--------+--------+--------+-----+--------+

Top non-repeatable levels by time:
     D:2: 1573 daAuts
     D:3: 1559 daAuts
     D:1: 1197 daAuts
     D:4: 477 daAuts
     D:5: 4 daAuts
